Map: Para Site LE

Players

Lambo - Winner!

  • Race: Zerg Zerg
  • League: Master
  • Spawn Location: 5:00

lllIIIlllIII

  • Race: Terran Terran
  • League: Grandmaster
  • Spawn Location: 11:00

VOD

Have the link to the VOD?

Description

Time

  • Played on: Dec. 8, 2018, 12:47 p.m.
  • Length: 14:07
Show
View Real Time Build Order
Export as new Build Order

Lambo Zerg - Winner!

Build Orders: Hatch First 

Get SALT Encoding   

  12  0:01  Drone  
  13  0:12  Overlord  
  13  0:16  Drone  
  14  0:31  Drone x2  
  16  0:47  Hatchery  
  15  0:50  Drone  
  15  0:54  Drone  
  17  0:57  Drone  
  18  1:08  Extractor  
  17  1:12  Spawning Pool  
  17  1:16  Drone  
  17  1:19  Drone  
  18  1:28  Drone  
  19  1:39  Drone  
  20  1:55  Overlord  
  20  1:59  Queen x2  
  20  2:00  Zergling x4  
  26  2:09  Metabolic Boost  
  26  2:12  Drone x2  
  29  2:22  Drone  
  29  2:23  Drone  
  30  2:38  Hatchery  
  30  2:40  Drone  
  30  2:44  Drone  
  30  2:47  Pneumatized Carapace  
  30  2:49  Drone  
  32  2:54  Overlord  
  32  2:57  Drone  
  33  2:59  Drone  
  34  3:14  Drone  
  34  3:16  Drone x2  
  34  3:17  Drone x2  
  34  3:18  Queen  
  41  3:23  Overlord  
  41  3:34  Drone x2  
  41  3:35  Drone  
  41  3:40  Queen  
  46  3:41  Drone  
  46  3:48  Zergling x10  
  52  3:52  Overlord  
  52  3:57  Overlord  
  52  3:58  Queen  
  52  4:01  Drone  
  55  4:06  Queen  
  55  4:07  Overlord  
  57  4:13  Drone x2  
  57  4:14  Drone  
  60  4:19  Overlord  
  60  4:20  Drone x3  
  63  4:26  Drone x2  
  65  4:35  Drone x2, Queen  
  69  4:38  Lair  
  69  4:39  Baneling Nest  
  69  4:40  Drone x3  
  69  4:42  Drone  
  72  4:46  Drone x2  
  74  4:55  Overlord  
  74  4:56  Drone, Extractor x2  
  73  5:00  Overlord  
  73  5:01  Drone  
  73  5:06  Drone x5  
  79  5:07  Evolution Chamber  
  79  5:08  Evolution Chamber  
  79  5:09  Overlord  
  79  5:11  Drone x2  
  79  5:14  Overlord  
  79  5:17  Drone  
  80  5:25  Spore Crawler  
  80  5:26  Spore Crawler  
  80  5:27  Spore Crawler, Overlord  
  80  5:28  Zergling x6  
  80  5:29  Spore Crawler, Baneling x4  
  80  5:31  Drone  
  80  5:33  Drone x2  
  80  5:34  Extractor  
  80  5:35  Zerg Melee Weapons Level 1  
  81  5:37  Extractor  
  81  5:40  Zerg Missile Weapons Level 1  
  81  5:41  Drone x2  
  82  5:44  Drone x3  
  82  5:46  Queen  
  87  5:50  Baneling x3  
  87  5:57  Drone  
  87  5:58  Drone x3  
  87  6:03  Drone x3  
  83  6:05  Drone x2  
  83  6:07  Drone x2  
  83  6:09  Drone  
  84  6:15  Drone x2  
  84  6:16  Drone x2  
  88  6:19  Drone  
  88  6:20  Drone x3  
  88  6:24  Extractor  
  91  6:26  Hydralisk Den  
  91  6:27  Zergling x4  
  92  6:39  Hatchery  
  91  6:40  Overlord  
  91  6:41  Zergling x6  
  94  6:47  Infestation Pit  
  94  6:48  Overlord  
  94  6:49  Zergling x2  
  94  6:51  Overseer  
  94  6:55  Drone x7  
  94  7:00  Grooved Spines  
  101  7:04  Hydralisk x3  
  101  7:06  Centrifical Hooks  
  107  7:08  Hydralisk  
  107  7:11  Baneling x2  
  109  7:17  Overlord  
  109  7:19  Hydralisk x3  
  115  7:23  Zergling x6  
  115  7:24  Zergling x6  
  115  7:29  Zergling x4  
  119  7:30  Zergling x2  
  119  7:34  Zerg Missile Weapons Level 2  
  115  7:38  Drone x3  
  115  7:49  Drone x6  
  115  7:51  Extractor  
  120  7:54  Extractor  
  120  7:55  Overlord  
  120  7:56  Hydralisk  
  120  7:57  Hydralisk x4  
  129  8:04  Hydralisk x2, Hatchery  
  129  8:05  Hydralisk x2  
  134  8:08  Drone x2  
  134  8:12  Muscular Augments, Queen  
  138  8:13  Queen  
  138  8:14  Drone x2  
  138  8:18  Hydralisk x2  
  146  8:24  Zergling x6  
  146  8:25  Zergling x6  
  152  8:30  Zerg Melee Weapons Level 2  
  152  8:31  Hive  
  152  8:34  Overlord  
  152  8:36  Overlord  
  152  8:37  Baneling x9  
  152  8:39  Baneling x5  
  152  8:41  Overlord  
  152  8:46  Overlord  
  152  8:49  Overlord  
  152  8:50  Overlord  
  152  8:53  Overlord  
  152  9:02  Zergling x28  
  161  9:11  Zergling x6  
  161  9:16  Baneling x8  
  162  9:18  Hydralisk x3  
  162  9:19  Zergling x12  
  174  9:28  Spire  
  169  9:32  Hydralisk x4  
  169  9:33  Zergling x2  
  169  9:38  Hydralisk x2  
  162  9:39  Zergling x4  
  162  9:40  Hydralisk  
  162  9:43  Hydralisk  
  162  9:44  Hydralisk  
  164  9:48  Hydralisk x2  
  164  9:51  Drone x4  
  158  9:57  Hydralisk x3  
  158  9:59  Pathogen Glands  
  136  10:16  Extractor x2  
  134  10:21  Hydralisk x12  
  158  10:28  Infestor  
  158  10:29  Infestor  
  158  10:31  Infestor  
  158  10:34  Zergling x12  
  170  10:38  Spore Crawler  
  170  10:42  Drone x3  
  168  10:43  Drone  
  169  10:50  Infestor  
  169  10:51  Infestor x2  
  168  11:08  Zerg Flyer Weapons Level 1  
  168  11:09  Spire  
  167  11:18  Queen  
  167  11:23  Neural Parasite  
  167  11:25  Burrow  
  169  11:28  Zerg Ground Armor Level 1, Zerg Missile Weapons Level 3  
  169  11:29  Spine Crawler  
  169  11:30  Drone x2  
  169  11:31  Spine Crawler  
  169  11:32  Spine Crawler  
  168  11:33  Drone x2, Spine Crawler x2, Hatchery  
  168  11:34  Drone  
  168  11:35  Infestor x2  
  172  11:46  Infestor  
  172  11:47  Infestor  
  176  11:57  Corruptor x3  
  176  12:00  Overseer  
  182  12:01  Zergling x18  
  191  12:14  Baneling x4  
  189  12:19  Infestor x3  
  195  12:39  Baneling  
  195  12:49  Baneling  
  195  12:52  Greater Spire  
  195  12:56  Infestor x2  
  199  12:59  Baneling  
  199  13:00  Baneling x16  
  199  13:06  Spine Crawler, Extractor  
  199  13:08  Spine Crawler x2  
  199  13:10  Extractor  
  194  13:18  Drone  
  194  13:19  Corruptor x2  
Show
View Real Time Build Order
Export as new Build Order

lllIIIlllIII Terran 

Build Orders: Hellion Opening, Reaper Expand 

Get SALT Encoding   

  12  0:00  SCV  
  13  0:12  SCV  
  14  0:17  Supply Depot  
  14  0:24  SCV  
  15  0:38  SCV  
  15  0:41  Barracks  
  16  0:44  Refinery  
  16  0:51  SCV  
  17  1:03  SCV  
  18  1:15  SCV  
  19  1:28  Reaper, Orbital Command  
  20  1:39  Command Center  
  20  1:47  Supply Depot  
  20  1:53  SCV  
  21  2:00  Marine  
  22  2:06  Factory, SCV  
  23  2:12  Refinery  
  23  2:18  SCV  
  23  2:22  Barracks Reactor  
  24  2:30  SCV  
  25  2:42  SCV  
  26  2:55  Orbital Command  
  26  2:56  Starport, SCV  
  27  3:04  Hellion x2  
  31  3:08  SCV  
  31  3:09  Barracks Tech Lab  
  32  3:22  SCV x2  
  32  3:26  Supply Depot, Hellion x2  
  38  3:35  Viking  
  38  3:36  Marine  
  38  3:38  SCV  
  42  3:43  SCV  
  43  3:52  Fusion Core  
  43  3:53  SCV  
  43  3:55  Hellion x2, SCV  
  49  4:05  Supply Depot, SCV  
  50  4:10  SCV  
  50  4:15  Supply Depot  
  51  4:17  Hellion, SCV  
  54  4:27  Hellion, SCV  
  54  4:29  Supply Depot, SCV  
  58  4:39  SCV  
  58  4:40  Supply Depot, Battlecruiser  
  58  4:42  SCV  
  66  4:51  SCV  
  66  4:52  Hellion x2  
  71  4:54  SCV  
  72  5:03  Armory, SCV  
  72  5:04  Supply Depot  
  73  5:14  Command Center  
  73  5:17  SCV  
  73  5:20  Hellion x2  
  78  5:23  SCV  
  78  5:26  Refinery x2, Supply Depot  
  78  5:28  Supply Depot  
  77  5:32  SCV  
  77  5:35  SCV  
  79  5:44  Hellion x2, SCV  
  84  5:52  SCV  
  84  5:55  Battlecruiser  
  76  6:05  Hellion  
  76  6:10  Hellion, SCV  
  75  6:19  SCV  
  75  6:22  SCV  
  77  6:27  Hellion  
  77  6:29  Hellion x4  
  77  6:30  Orbital Command  
  77  6:31  Hellion, SCV  
  82  6:34  SCV  
  83  6:42  Weapon Refit  
  83  6:45  Terran Vehicle And Ship Armor Level 1  
  83  6:48  Hellion, Orbital Command  
  83  6:53  Hellion  
  87  6:58  Factory  
  87  6:59  Factory, SCV  
  88  7:02  Supply Depot, Engineering Bay  
  88  7:03  Command Center  
  88  7:13  SCV  
  90  7:15  SCV x2  
  90  7:17  Battlecruiser  
  90  7:22  Hellion  
  99  7:32  Hellion  
  99  7:33  SCV  
  94  7:43  Factory Tech Lab x2  
  88  7:44  SCV  
  88  7:45  SCV  
  88  7:46  Refinery  
  88  7:48  Refinery, SCV  
  91  7:52  Supply Depot  
  91  7:54  Supply Depot  
  91  7:57  SCV x2  
  93  8:00  SCV  
  94  8:06  Cyclone, Mag-Field Accelerator  
  94  8:09  Cyclone, Hellion x2, SCV  
  94  8:10  SCV  
  94  8:11  Infernal Pre-Igniter  
  106  8:18  SCV  
  107  8:21  SCV  
  107  8:22  Armory, SCV  
  107  8:23  Supply Depot  
  109  8:30  SCV  
  110  8:35  Hellion x2  
  110  8:37  Supply Depot  
  110  8:38  Cyclone  
  110  8:40  Battlecruiser  
  123  8:43  SCV  
  123  8:44  SCV x2  
  123  8:47  Cyclone  
  129  8:55  SCV  
  129  8:56  Planetary Fortress, Hellion, SCV  
  121  9:02  SCV  
  121  9:05  Refinery  
  121  9:08  Refinery, SCV x2  
  123  9:10  Hellion  
  123  9:12  Terran Vehicle And Ship Armor Level 2  
  123  9:15  SCV  
  126  9:20  SCV  
  126  9:21  SCV  
  126  9:22  Supply Depot  
  128  9:27  Cyclone x2, Hellion, SCV  
  125  9:31  Hellion  
  125  9:32  SCV  
  125  9:33  SCV  
  115  9:42  SCV  
  115  9:44  Battlecruiser  
  108  9:49  Hellion, SCV  
  108  9:50  SCV  
  108  9:51  SCV  
  106  9:53  Hellion  
  106  9:55  SCV  
  106  9:59  Hellion x2  
  94  10:02  SCV x2  
  94  10:03  SCV  
  97  10:07  SCV  
  97  10:10  Hellion  
  97  10:12  Terran Ship Weapons Level 1  
  97  10:14  SCV, Starport  
  100  10:15  SCV  
  100  10:16  SCV  
  100  10:17  Starport  
  100  10:19  SCV  
  103  10:24  Hellion  
  103  10:26  SCV  
  103  10:28  SCV x2  
  109  10:29  Cyclone  
  109  10:32  SCV  
  114  10:38  SCV  
  114  10:42  Cyclone  
  116  10:43  Hellion  
  116  10:45  SCV x2  
  116  10:46  Hellion, SCV  
  116  10:47  Supply Depot  
  123  10:50  SCV, Battlecruiser  
  123  10:52  Starport Tech Lab  
  123  10:53  Starport Tech Lab  
  130  10:57  SCV x2  
  130  10:59  SCV  
  127  11:06  Cyclone  
  127  11:07  Hellion x2  
  127  11:10  SCV  
  136  11:17  Cyclone  
  136  11:18  Battlecruiser  
  144  11:25  Sensor Tower  
  144  11:28  Sensor Tower  
  144  11:29  Hellion  
  146  11:37  Battlecruiser  
  146  11:38  Hellion  
  154  11:45  Command Center  
  154  11:50  Cyclone, Hellion  
  159  12:00  Hellion  
  161  12:11  Hellion  
  161  12:12  Battlecruiser  
  161  12:14  Hellion  
  171  12:21  Hellion  
  173  12:24  Battlecruiser  
  173  12:25  Hellion  
  173  12:27  Supply Depot  
  173  12:29  Supply Depot  
  181  12:33  Hellion, Command Center  
  183  12:38  Supply Depot  
  183  12:47  Raven  
  185  13:02  SCV  
Tags
 
Add a new tag
Caveats
  • Supply blocks, unpowered buildings, or Contaminate may cause inaccurate times.
  • Supply counts are checked every 10 seconds.